[Event "56th Biel Festival MTO 2023"]
[White "Samadov,Read"]
[Black "Huston,Gus"]
[Site "Biel"]
[Round "5.11"]
[Annotator "RC"]
[Result "1-0"]
[Date "2023.07.21"]
[WhiteElo "2482"]
[BlackElo "2341"]
[PlyCount "129"]
[TimeControl "60"]

1. d4 d5 2. c4 e6 3. Nf3 Nf6 4. g3 Bb4+ 5. Bd2 Be7 6. Bg2 c6 7. O-O O-O 8. Bf4 dxc4 9. Ne5 Nd5 10. Nxc4 Nxf4 11. gxf4 Nd7 12. e3 f6 13. Nc3 Nb6 14. b3 Nd5 15. Qc2 Qe8 16. Ne4 Qh5 17. Qd1 Qh6 18. Kh1 b6 19. Rg1 Bb7 20. Rc1 Rad8 21. Qf3 g6 22. Qg3 Ba8 23. a4 Rd7 24. a5 c5 25. dxc5 bxc5 26. h3 Nb4 27. Kh2 Rfd8 28. Nc3 Nd5 29. Bf3 f5 30. Nxd5 Bxd5 31. Ne5 Bxf3 32. Qxf3 Rd2 33. Rg2 Bd6 34. Nc4 Rd5 35. Rgg1 Bc7 36. Kg2 Qg7 37. h4 Qe7 38. h5 Kh8 39. hxg6 Rg8 40. Kf1 Rxg6 41. Rxg6 hxg6 42. Kg2 Kg8 43. Rh1 Qg7 44. a6 Kf7 45. Qh3 Kg8 46. Qf3 Kf8 47. Qg3 Rd3 48. Rb1 Qh6 49. Qf3 Rd5 50. Rd1 Qh5 51. Qxh5 gxh5 52. Rh1 Rd3 53. Rxh5 Kg7 54. Rg5+ Kf6 55. Rg8 Rxb3 56. Rc8 Bb6 57. Rb8 Rb4 58. Nxb6 Ke7 59. Nc8+ Kd7 60. Rxb4 cxb4 61. Nxa7 b3 62. Nb5 b2 63. Nc3 Kc6 64. Kf3 Kb6 65. Na4+ 1-0

[Event "56th Biel Festival MTO 2023"]
[White "Pham,Le Thao Nguyen"]
[Black "Bharath Subramaniyam H"]
[Site "Biel"]
[Round "5.12"]
[Annotator "RC"]
[Result "1/2-1/2"]
[Date "2023.07.21"]
[WhiteElo "2369"]
[BlackElo "2488"]
[PlyCount "109"]
[TimeControl "60"]

1. Nf3 d5 2. d4 Bf5 3. c4 e6 4. Nc3 Nf6 5. Bg5 c6 6. Qb3 Qb6 7. Bxf6 gxf6 8. e3 Nd7 9. Nd2 Be7 10. Be2 Bg6 11. Rc1 O-O 12. h4 h6 13. cxd5 cxd5 14. O-O a6 15. a3 Rac8 16. Na2 Bd6 17. Rc3 Qxb3 18. Nxb3 Rxc3 19. Nxc3 Rc8 20. Rc1 Kf8 21. Na2 Rxc1+ 22. Naxc1 Ke8 23. Na5 b5 24. Nb7 Be7 25. Nb3 Bc2 26. N3c5 Nxc5 27. Nxc5 Bxc5 28. dxc5 Bb3 29. Bh5 e5 30. Kf1 Ke7 31. Ke2 a5 32. Kd2 b4 33. Bg4 Kd8 34. Bh5 Ke7 35. Bg4 Bc4 36. g3 Kd8 37. Bh5 Ke7 38. Bg4 Ba6 39. Kc2 Bc4 40. Kd2 Bb5 41. Kc2 Ba4+ 42. Kd2 Bd7 43. Bh5 Bf5 44. f4 Be4 45. Bg4 f5 46. Be2 f6 47. Bb5 Kd8 48. axb4 axb4 49. Ke2 Bc2 50. Kd2 Be4 51. Ke2 Kc7 52. Kd2 Bb1 53. Kc1 Be4 54. Kd2 Bb1 55. Kc1 1/2-1/2

[Event "56th Biel Festival MTO 2023"]
[White "Dotzer,Lukas"]
[Black "Saraci,Nderim"]
[Site "Biel"]
[Round "5.13"]
[Annotator "RC"]
[Result "1/2-1/2"]
[Date "2023.07.21"]
[WhiteElo "2369"]
[BlackElo "2472"]
[PlyCount "59"]
[TimeControl "60"]

1. e4 e5 2. Nf3 Nc6 3. Bb5 a6 4. Ba4 Nf6 5. O-O Be7 6. Re1 b5 7. Bb3 d6 8. c3 O-O 9. h3 Nb8 10. d4 Nbd7 11. Nbd2 Bb7 12. Bc2 Re8 13. Nf1 Bf8 14. Ng3 g6 15. a4 c6 16. Bg5 h6 17. Be3 c5 18. d5 c4 19. Nd2 Nc5 20. f4 exf4 21. Bxf4 Nfd7 22. Nf3 bxa4 23. Qd2 h5 24. Bg5 Be7 25. Bxe7 Qxe7 26. Bxa4 Rad8 27. Qh6 Qf8 28. Qg5 Qe7 29. Qh6 Qf8 30. Qg5 1/2-1/2

[Event "56th Biel Festival MTO 2023"]
[White "Rathanvel,V S"]
[Black "Sukandar,Irine Kharisma"]
[Site "Biel"]
[Round "5.14"]
[Annotator "RC"]
[Result "1-0"]
[Date "2023.07.21"]
[WhiteElo "2463"]
[BlackElo "2358"]
[PlyCount "61"]
[TimeControl "60"]

1. e4 e5 2. Nf3 Nc6 3. Bb5 a6 4. Ba4 Nf6 5. O-O Be7 6. Re1 b5 7. Bb3 d6 8. c3 O-O 9. h3 Bb7 10. d4 Re8 11. Nbd2 Bf8 12. a3 h6 13. Ba2 Nb8 14. Qc2 Nbd7 15. b4 a5 16. Bb2 axb4 17. cxb4 Rc8 18. Qb3 Qe7 19. Nh4 d5 20. Nf5 Qe6 21. Nxh6+ gxh6 22. dxe5 Nh5 23. exd5 Qf5 24. e6 Ndf6 25. Re5 Qg6 26. Bb1 Qg7 27. Rxh5 Rxe6 28. Ne4 Nxd5 29. Bxg7 Bxg7 30. Ra2 Nf4 31. Rf5 1-0

[Event "56th Biel Festival MTO 2023"]
[White "Vasquez Toledo,Cristian"]
[Black "Chasin,Nico"]
[Site "Biel"]
[Round "5.15"]
[Annotator "RC"]
[Result "0-1"]
[Date "2023.07.21"]
[WhiteElo "2233"]
[BlackElo "2455"]
[PlyCount "106"]
[TimeControl "60"]

1. e4 c5 2. Nf3 Nc6 3. d4 cxd4 4. Nxd4 Nf6 5. Nc3 d6 6. Bg5 e6 7. Qd3 a6 8. Nxc6 bxc6 9. O-O-O Qa5 10. h4 Rb8 11. Be2 Be7 12. Bd2 Qb6 13. b3 Qxf2 14. e5 dxe5 15. Be3 Qg3 16. Bf3 O-O 17. h5 e4 18. Nxe4 Nxe4 19. Qxe4 e5 20. Kb1 Rb4 21. c4 Be6 22. Bd2 Rb7 23. Be1 Qg5 24. Bh4 Qf5 25. Bxe7 Rxe7 26. Rhe1 Rc8 27. Kb2 Qxe4 28. Rxe4 f6 29. Rd6 Kf7 30. Re2 Rec7 31. g4 Ke7 32. c5 Rd7 33. Bxc6 Rxd6 34. cxd6+ Kxd6 35. Bb7 Rb8 36. Rd2+ Ke7 37. Bxa6 Bxg4 38. Rh2 f5 39. Kc3 e4 40. Kd4 Rd8+ 41. Ke5 e3 42. h6 g5 43. Rc2 f4 44. Rg2 Rd5+ 45. Ke4 Ra5 46. Rxg4 Rxa6 47. Rg1 e2 48. Kf3 Rxa2 49. Rc1 Kf7 50. Kg4 Ra7 51. b4 Re7 52. Re1 Re3 53. b5 Kg6 0-1

[Event "56th Biel Festival MTO 2023"]
[White "Materia,Marco"]
[Black "Rosen,Eric"]
[Site "Biel"]
[Round "5.16"]
[Annotator "RC"]
[Result "1-0"]
[Date "2023.07.21"]
[WhiteElo "2436"]
[BlackElo "2344"]
[PlyCount "99"]
[TimeControl "60"]

1. d4 Nf6 2. c4 e6 3. Nf3 d5 4. Nc3 Nbd7 5. Bf4 Bb4 6. cxd5 exd5 7. g3 Ne4 8. Rc1 c6 9. Bg2 O-O 10. O-O Nxc3 11. bxc3 Ba5 12. Qd3 Re8 13. Nd2 Nf6 14. f3 Nh5 15. Be3 f5 16. Rfe1 Be6 17. Bf2 f4 18. e4 fxe3 19. Rxe3 Qd7 20. Nb3 Bb6 21. Rce1 Nf6 22. Nc5 Bxc5 23. dxc5 Bh3 24. Bxh3 Qxh3 25. Re7 Rxe7 26. Rxe7 b6 27. Qa6 Qc8 28. Qxc8+ Rxc8 29. Rxa7 b5 30. Bd4 Re8 31. Kf2 Re6 32. g4 Kf8 33. Rc7 Ne8 34. Rc8 Kf7 35. h4 Ke7 36. Ra8 Kf7 37. Ra7+ Re7 38. Ra6 Re6 39. Kg3 Nc7 40. Ra7 Re7 41. f4 g6 42. f5 gxf5 43. gxf5 Ke8 44. Bf6 Rd7 45. Be5 Kd8 46. Rxc7 Rxc7 47. Bxc7+ Kxc7 48. Kf4 Kd7 49. Ke5 Ke7 50. a3 1-0

[Event "56th Biel Festival MTO 2023"]
[White "Aarav Dengla"]
[Black "Wessman,Richard"]
[Site "Biel"]
[Round "5.17"]
[Annotator "RC"]
[Result "1/2-1/2"]
[Date "2023.07.21"]
[WhiteElo "2343"]
[BlackElo "2410"]
[PlyCount "57"]
[TimeControl "60"]

1. e4 c6 2. d4 d5 3. e5 c5 4. Nf3 cxd4 5. Qxd4 Nc6 6. Qf4 e6 7. Bd3 Nb4 8. Bd2 Nxd3+ 9. cxd3 Ne7 10. Nc3 Bd7 11. h4 h5 12. Ne2 Ng6 13. Qg3 Be7 14. a4 Rc8 15. Nf4 Nxf4 16. Bxf4 Bb4+ 17. Kf1 Kf8 18. Kg1 Rc2 19. Be3 Rxb2 20. Rh3 Be7 21. Bd2 Qb6 22. a5 Qa6 23. Qf4 Qxd3 24. Ng5 Bxg5 25. Qb4+ Rxb4 26. Bxb4+ Be7 27. Bxe7+ Kxe7 28. Rxd3 Rc8 29. Rb1 1/2-1/2

[Event "56th Biel Festival MTO 2023"]
[White "Jinan Jomon"]
[Black "Toktomushev,Teimur"]
[Site "Biel"]
[Round "5.18"]
[Annotator "RC"]
[Result "1-0"]
[Date "2023.07.21"]
[WhiteElo "2409"]
[BlackElo "2206"]
[PlyCount "111"]
[TimeControl "60"]

1. c4 e6 2. Nf3 d5 3. e3 Nf6 4. Nc3 c5 5. cxd5 exd5 6. d4 Nc6 7. Bb5 cxd4 8. Nxd4 Bd7 9. O-O Bd6 10. Nf3 Bg4 11. h3 Bh5 12. Be2 O-O 13. b3 Bxf3 14. Bxf3 Be5 15. Bb2 Qa5 16. a3 d4 17. b4 Qa6 18. Be2 Qb6 19. Na4 Qc7 20. f4 d3 21. Bxd3 Bxb2 22. Nxb2 Rfe8 23. Qf3 Rad8 24. Rad1 h6 25. Kh2 Qe7 26. Nc4 a6 27. Rfe1 Qe6 28. e4 b5 29. Ne3 Nd4 30. Qf2 Qb3 31. e5 Nd5 32. Nxd5 Qxd5 33. Be4 Qc4 34. Rc1 Qb3 35. Re3 Qe6 36. Rd3 f5 37. Rxd4 fxe4 38. Rxe4 Rd3 39. Re3 Red8 40. Rc7 Rd2 41. Qg3 g6 42. Rc1 Kh7 43. Rec3 Qf5 44. Rc7+ Kh8 45. R7c6 Qe4 46. Rc8 g5 47. Rxd8+ Rxd8 48. fxg5 Rd3 49. Qf2 Qxe5+ 50. Kh1 Rd8 51. gxh6 Rd7 52. Re1 Qh5 53. Qg3 Kh7 54. Kh2 Qxh6 55. Re4 Rg7 56. Rh4 1-0

[Event "56th Biel Festival MTO 2023"]
[White "Shlyakhtenko,Robert"]
[Black "Nie,Xinyang"]
[Site "Biel"]
[Round "5.19"]
[Annotator "RC"]
[Result "1/2-1/2"]
[Date "2023.07.21"]
[WhiteElo "2401"]
[BlackElo "2288"]
[PlyCount "89"]
[TimeControl "60"]

1. Nf3 d5 2. g3 g6 3. Bg2 Bg7 4. O-O e5 5. d3 Ne7 6. c4 c6 7. cxd5 cxd5 8. Nc3 Nbc6 9. e4 O-O 10. Re1 d4 11. Nd5 Be6 12. Ng5 Bxd5 13. exd5 Nxd5 14. Qb3 Nb6 15. Bd2 Bf6 16. h4 Rc8 17. Rac1 Rc7 18. Be4 Nc8 19. Kg2 Nd6 20. Bd5 Re8 21. Rc5 Qd7 22. Qc2 Rec8 23. Rc1 Bd8 24. Qa4 Qf5 25. Ne4 Nxe4 26. Bxe4 Qe6 27. Bd5 Qd6 28. Bf3 h5 29. b4 a6 30. b5 axb5 31. Qxb5 Be7 32. a4 Kg7 33. R5c2 Qe6 34. Bd5 Qf5 35. Be4 Qe6 36. Bd5 Qf5 37. Qb3 Bd8 38. Be4 Qf6 39. Bf3 Ra8 40. Rc5 Qe7 41. Rb5 Ra7 42. Re1 Qd6 43. Rd5 Qe6 44. Qb5 Re7 45. Re2 1/2-1/2

[Event "56th Biel Festival MTO 2023"]
[White "Schnepp,Gunnar"]
[Black "Erdos,Viktor"]
[Site "Biel"]
[Round "5.20"]
[Annotator "RC"]
[Result "1/2-1/2"]
[Date "2023.07.21"]
[WhiteElo "2278"]
[BlackElo "2571"]
[PlyCount "147"]
[TimeControl "60"]

1. d4 Nf6 2. c4 c5 3. d5 g6 4. Nc3 Bg7 5. e4 d6 6. h3 O-O 7. Nf3 e6 8. Bd3 Na6 9. O-O Nc7 10. Bg5 h6 11. Be3 exd5 12. exd5 b5 13. b3 b4 14. Ne2 Nh5 15. Rb1 f5 16. Nf4 Nxf4 17. Bxf4 Ne8 18. Bc1 a5 19. Bb2 Ra7 20. Nh2 Nf6 21. Qd2 Nh5 22. Bxg7 Kxg7 23. a3 Qg5 24. Qxg5 hxg5 25. Rfe1 Nf4 26. Bf1 g4 27. axb4 axb4 28. Ra1 Rff7 29. hxg4 fxg4 30. g3 Nh3+ 31. Bxh3 gxh3 32. g4 Rfb7 33. f3 Ra3 34. Rab1 Ra2 35. Re3 Kf6 36. Rbe1 Rba7 37. R1e2 Rxe2 38. Rxe2 Ra3 39. Re3 Ra2 40. f4 Rg2+ 41. Kh1 Bxg4 42. Nxg4+ Rxg4 43. Re6+ Kf5 44. Rxd6 Rxf4 45. Rc6 g5 46. Rxc5 g4 47. d6+ Ke6 48. Rd5 g3 49. Rd1 Kd7 50. c5 Rf7 51. Kg1 Kc6 52. Kh1 Rf8 53. Rc1 Ra8 54. Kg1 Re8 55. Kh1 Rf8 56. Kg1 Ra8 57. Kh1 Rf8 58. Kg1 g2 59. Rd1 Kxc5 60. d7 Rd8 61. Rd3 Kc6 62. Rxh3 Rxd7 63. Kxg2 Kc5 64. Kf2 Kd4 65. Ke2 Rg7 66. Kd2 Rg2+ 67. Kc1 Re2 68. Rh4+ Re4 69. Rh2 Kd3 70. Rh8 Re2 71. Rc8 Re1+ 72. Kb2 Re2+ 73. Kb1 Re1+ 74. Kb2 1/2-1/2

[Event "56th Biel Festival MTO 2023"]
[White "Meshkovs,Nikita"]
[Black "Karthik Rajaa"]
[Site "Biel"]
[Round "5.21"]
[Annotator "RC"]
[Result "1-0"]
[Date "2023.07.21"]
[WhiteElo "2565"]
[BlackElo "2276"]
[PlyCount "57"]
[TimeControl "60"]

1. d4 Nf6 2. Bg5 g6 3. Nd2 d5 4. e3 Bg7 5. Bd3 c5 6. c3 Qb6 7. Rb1 Bd7 8. Ngf3 Bb5 9. Bxb5+ Qxb5 10. a4 Qb6 11. O-O Nbd7 12. Qe2 O-O 13. Rfd1 Rfe8 14. h3 Qc6 15. Ra1 Rac8 16. Bf4 Qb6 17. Qb5 Qc6 18. Nb3 a6 19. Bg3 Ne5 20. Bf4 Nfd7 21. Bg3 Red8 22. Bh4 Bh6 23. Bf6 Bf4 24. Kf1 Kf8 25. Bxe5 Ke8 26. h4 f6 27. g3 h5 28. g4 g5 29. gxh5 1-0

[Event "56th Biel Festival MTO 2023"]
[White "Sanchez Alvarez,Roberto Carlos"]
[Black "Urh,Zala"]
[Site "Biel"]
[Round "5.22"]
[Annotator "RC"]
[Result "1-0"]
[Date "2023.07.21"]
[WhiteElo "2444"]
[BlackElo "2231"]
[PlyCount "81"]
[TimeControl "60"]

1. Nf3 Nf6 2. g3 d5 3. Bg2 c5 4. O-O Nc6 5. d4 e6 6. c4 dxc4 7. Qa4 cxd4 8. Nxd4 Qxd4 9. Bxc6+ Bd7 10. Rd1 Bxc6 11. Qxc6+ bxc6 12. Rxd4 Rd8 13. Rxc4 Rd1+ 14. Kg2 Kd7 15. Nc3 Re1 16. Rb1 Nd5 17. Bd2 Rxb1 18. Nxb1 Be7 19. e4 Nb6 20. Rc2 h5 21. h4 Rg8 22. Be3 g5 23. hxg5 Bxg5 24. Bxg5 Rxg5 25. f4 Rb5 26. Kh3 e5 27. Nc3 Rb4 28. f5 Nc4 29. Kh4 Nd6 30. Kxh5 Nxe4 31. Nxe4 Rxe4 32. Kg5 Re1 33. Kf6 e4 34. Kxf7 e3 35. Rg2 Kd6 36. g4 Ke5 37. g5 Kxf5 38. g6 Rd1 39. g7 Rd7+ 40. Ke8 e2 41. Rf2+ 1-0

[Event "56th Biel Festival MTO 2023"]
[White "Asllani,Dorian"]
[Black "Weishaeutel,Moritz"]
[Site "Biel"]
[Round "5.23"]
[Annotator "RC"]
[Result "0-1"]
[Date "2023.07.21"]
[WhiteElo "2272"]
[BlackElo "2442"]
[PlyCount "66"]
[TimeControl "60"]

1. d4 d5 2. c4 c6 3. Nc3 Nf6 4. e3 e6 5. Nf3 Nbd7 6. Bd3 dxc4 7. Bxc4 b5 8. Bd3 Bd6 9. O-O O-O 10. Qc2 Bb7 11. e4 e5 12. dxe5 Nxe5 13. Nxe5 Bxe5 14. h3 Re8 15. Be3 a6 16. Rad1 Qe7 17. Ne2 c5 18. Bxc5 Qc7 19. Kh1 Bxb2 20. Qxb2 Qxc5 21. f3 Rad8 22. Bc2 Rxd1 23. Rxd1 Qf2 24. e5 Bxf3 25. gxf3 Qxf3+ 26. Kg1 Qe3+ 27. Kf1 Qxh3+ 28. Ke1 Qh4+ 29. Kd2 Qg5+ 30. Ke1 Ng4 31. Rd5 Qh4+ 32. Kd2 Qh6+ 33. Kc3 Qc6+ 0-1

[Event "56th Biel Festival MTO 2023"]
[White "Rohith Krishna S"]
[Black "Kamber,Bruno"]
[Site "Biel"]
[Round "5.24"]
[Annotator "RC"]
[Result "1/2-1/2"]
[Date "2023.07.21"]
[WhiteElo "2429"]
[BlackElo "2214"]
[PlyCount "117"]
[TimeControl "60"]

1. d4 Nf6 2. c4 c5 3. d5 b5 4. cxb5 a6 5. bxa6 g6 6. Nc3 Bg7 7. g3 O-O 8. Bg2 Bxa6 9. Nf3 d6 10. O-O Qa5 11. Qc2 Nbd7 12. h3 Rfb8 13. Rd1 Ne8 14. Bd2 Nc7 15. Be1 Nb5 16. Ne4 Qb6 17. e3 Qb7 18. Rac1 Nb6 19. a4 Na7 20. b3 Nd7 21. Rb1 Rc8 22. Nfd2 Be2 23. Rdc1 Ne5 24. f4 Nd3 25. Nc4 Nxc1 26. Rxc1 Bxc4 27. Qxc4 Rcb8 28. Nxc5 dxc5 29. d6 Qd7 30. dxe7 Qxe7 31. Bxa8 Rxa8 32. Qxc5 Qe6 33. Rc4 Qd7 34. Kf2 h5 35. Qc7 Qxh3 36. Qb7 Qh2+ 37. Kf1 Rd8 38. Qxa7 Rd1 39. Qa8+ Kh7 40. Qf3 Rb1 41. f5 Qd2 42. fxg6+ fxg6 43. Qf2 Qd3+ 44. Qe2 Qf5+ 45. Qf2 Qd5 46. Rc2 Qxb3 47. Re2 Qxa4 48. Kg2 Qd1 49. Qf3 Rb5 50. e4 Rb3 51. Re3 Rb2+ 52. Bf2 Qxf3+ 53. Rxf3 Bd4 54. Kf1 Bxf2 55. Rxf2 Rb3 56. Kg2 Re3 57. Rf7+ Kg8 58. Re7 Kf8 59. Re5 1/2-1/2

[Event "56th Biel Festival MTO 2023"]
[White "Huang,Qian"]
[Black "Ouellet,Maili-Jade"]
[Site "Biel"]
[Round "5.25"]
[Annotator "RC"]
[Result "1/2-1/2"]
[Date "2023.07.21"]
[WhiteElo "2422"]
[BlackElo "2201"]
[PlyCount "83"]
[TimeControl "60"]

1. c4 e6 2. g3 d5 3. Bg2 Nf6 4. Nf3 d4 5. d3 c5 6. e4 Nc6 7. e5 Nd7 8. Qe2 Qc7 9. Bf4 Be7 10. h4 h6 11. Nbd2 b6 12. h5 Bb7 13. O-O O-O-O 14. Rfe1 g5 15. hxg6 fxg6 16. g4 Rdf8 17. Bg3 Rf7 18. Ne4 Rhf8 19. Nh4 Ndxe5 20. Nxg6 Rg8 21. Nxe5 Nxe5 22. Nd2 Bxg2 23. Qxe5 Qxe5 24. Rxe5 Bc6 25. Rxe6 Bd7 26. Rxh6 Rxg4 27. Re1 Kb7 28. Ne4 Bc6 29. Kg2 Rgg7 30. Rh8 Bd6 31. Rh6 Bc7 32. a3 a5 33. Rh3 Bd7 34. Rh4 Bc6 35. Reh1 a4 36. Re1 Bxe4+ 37. Rhxe4 Rxf2+ 38. Kxf2 Bxg3+ 39. Kf3 Bxe1 40. Rxe1 Rf7+ 41. Kg3 Rg7+ 42. Kf3 1/2-1/2

[Event "56th Biel Festival MTO 2023"]
[White "Frey,Fabian"]
[Black "Morawietz,Dieter"]
[Site "Biel"]
[Round "5.26"]
[Annotator "RC"]
[Result "1-0"]
[Date "2023.07.21"]
[WhiteElo "2230"]
[BlackElo "2396"]
[PlyCount "39"]
[TimeControl "60"]

1. e4 c5 2. Nf3 e6 3. d4 cxd4 4. Nxd4 Nf6 5. Nc3 d6 6. g4 e5 7. Nf5 Nc6 8. Bg5 h6 9. Bxf6 Qxf6 10. Nd5 Qd8 11. c3 g6 12. Nfe3 Be6 13. Bc4 Be7 14. Qf3 Bg5 15. O-O-O Rc8 16. Kb1 h5 17. gxh5 Rxh5 18. Nf5 Kf8 19. Nde3 Qf6 20. Ng4 1-0

[Event "56th Biel Festival MTO 2023"]
[White "Costello,Alexander"]
[Black "Seul,Georg"]
[Site "Biel"]
[Round "5.27"]
[Annotator "RC"]
[Result "1/2-1/2"]
[Date "2023.07.21"]
[WhiteElo "2224"]
[BlackElo "2376"]
[PlyCount "51"]
[TimeControl "60"]

1. e4 c6 2. d4 d5 3. e5 c5 4. dxc5 e6 5. Nf3 Bxc5 6. Bd3 Ne7 7. O-O Ng6 8. a3 Be7 9. Re1 Nc6 10. b4 f6 11. Bxg6+ hxg6 12. Qd3 O-O 13. Bb2 g5 14. h3 a5 15. bxa5 Rxa5 16. Nbd2 Ra4 17. c4 dxc4 18. Qc2 b5 19. exf6 Bxf6 20. Ne4 Qd3 21. Qc1 c3 22. Nxf6+ gxf6 23. Qxc3 Qxc3 24. Bxc3 e5 25. Reb1 Ba6 26. Nd2 1/2-1/2

[Event "56th Biel Festival MTO 2023"]
[White "Eidelman,Gabriel"]
[Black "Haimovich,Tal"]
[Site "Biel"]
[Round "5.28"]
[Annotator "RC"]
[Result "1-0"]
[Date "2023.07.21"]
[WhiteElo "2204"]
[BlackElo "2374"]
[PlyCount "153"]
[TimeControl "60"]

1. d4 Nf6 2. c4 e6 3. Nc3 Bb4 4. Qc2 d5 5. cxd5 exd5 6. Bg5 h6 7. Bh4 c5 8. dxc5 O-O 9. e3 Be6 10. Nf3 Nbd7 11. Nd4 Bxc5 12. Bd3 Rc8 13. O-O Ne5 14. Rad1 Bb4 15. Nde2 Be7 16. Qb1 Qb6 17. Bc2 Rfd8 18. Bb3 Nc4 19. Nf4 Qa5 20. Bxc4 Rxc4 21. Nce2 Bg4 22. f3 Bc8 23. Nd4 Qb6 24. Nfe2 Re8 25. Bf2 Bd7 26. b3 Rcc8 27. Qd3 Qa5 28. a4 a6 29. Ra1 Bd6 30. Rfc1 Qb6 31. Rxc8 Rxc8 32. g3 Be5 33. Kg2 Qd8 34. Rd1 Qe7 35. Be1 Bd6 36. Rc1 Rxc1 37. Nxc1 Qe5 38. Nce2 Qh5 39. Nf4 Bxf4 40. exf4 Qh3+ 41. Kg1 h5 42. Qe2 Bc8 43. Bd2 Qd7 44. Qe5 b6 45. Qb8 Qb7 46. Qd6 Bd7 47. Kf2 a5 48. Be3 Be8 49. Nf5 Qd7 50. Qxd7 Bxd7 51. Nd6 Be6 52. Bxb6 d4 53. Nc4 d3 54. Bxa5 Nd5 55. Bd2 Kf8 56. a5 Ke7 57. Ne5 Kd6 58. Nxd3 Kc6 59. b4 Kb5 60. Ke2 f6 61. Nc5 Bc8 62. Ne4 Ba6 63. Nd6+ Kc6+ 64. b5+ Bxb5+ 65. Nxb5 Kxb5 66. Kd3 Nc7 67. Ke4 Ne6 68. Kd5 Nc5 69. Kd6 Nb3 70. Bc3 Nc1 71. g4 Ne2 72. Bd2 Nd4 73. gxh5 Nxf3 74. Bc3 Nh4 75. Ke6 Ng2 76. Bd2 Nh4 77. Kf7 1-0

[Event "56th Biel Festival MTO 2023"]
[White "Besou,Hussain"]
[Black "Collin,Moritz Valentin"]
[Site "Biel"]
[Round "5.29"]
[Annotator "RC"]
[Result "1-0"]
[Date "2023.07.21"]
[WhiteElo "2348"]
[BlackElo "2132"]
[PlyCount "69"]
[TimeControl "60"]

1. e4 c6 2. d4 d5 3. e5 Bf5 4. Nf3 e6 5. Be2 Ne7 6. O-O Ng6 7. a4 c5 8. c3 Nc6 9. Na3 a6 10. Ne1 h5 11. Nac2 cxd4 12. cxd4 Nh4 13. g3 Bxc2 14. Nxc2 Nf5 15. Bxh5 Qb6 16. Be3 Na5 17. Be2 Nb3 18. Rb1 g6 19. Bd3 Rc8 20. Kg2 Bh6 21. Bxf5 Bxe3 22. Bxe6 Qxe6 23. Nxe3 Qh3+ 24. Kf3 Na5 25. Ke2 O-O 26. Nxd5 Kg7 27. Qd3 Rfd8 28. Nf4 Qg4+ 29. f3 Qd7 30. d5 Qxa4 31. Rfc1 Nb3 32. Rc3 Rxc3 33. Qxc3 g5 34. Nh5+ Kh6 35. Nf6 1-0

[Event "56th Biel Festival MTO 2023"]
[White "Sutter,Oliver"]
[Black "Vincenti,Leonardo"]
[Site "Biel"]
[Round "5.30"]
[Annotator "ChessBase"]
[Result "1/2-1/2"]
[Date "2023.07.21"]
[WhiteElo "2313"]
[BlackElo "2117"]
[PlyCount "104"]
[TimeControl "60"]

1. Nf3 d5 2. g3 c6 3. Bg2 Bg4 4. c4 Nf6 5. cxd5 cxd5 6. Ne5 Bf5 7. O-O e6 8. Qa4+ Nbd7 9. d4 Be7 10. Bf4 O-O 11. Rc1 Nxe5 12. Bxe5 Rc8 13. Rxc8 Qxc8 14. Nd2 a6 15. Bf4 b5 16. Qd1 Bc2 17. Qe1 Qb7 18. Rc1 Rc8 19. Nb3 Bxb3 20. axb3 Rc6 21. f3 Qc8 22. Rxc6 Qxc6 23. Qd2 b4 24. Bf1 Nd7 25. g4 a5 26. Qc1 Qxc1 27. Bxc1 e5 28. e3 exd4 29. exd4 Bf6 30. Be3 Nf8 31. g5 Bd8 32. f4 Ne6 33. Bg2 Bb6 34. Bxd5 Nxd4 35. Kf2 Bc5 36. Bc4 Kf8 37. f5 Ke7 38. h4 f6 39. Bg8 h6 40. gxh6 gxh6 41. Bc4 h5 42. Bxd4 Bxd4+ 43. Kf3 Bxb2 44. Ke4 Kd6 45. Bf7 Bc3 46. Bxh5 Be1 47. Kd4 Bxh4 48. Kc4 Ke5 49. Bg6 Ke4 50. Kb5 Kd4 51. Kxa5 Kc3 52. Ka4 Bg3 1/2-1/2

[Event "56th Biel Festival MTO 2023"]
[White "Monteverde,Jonathan"]
[Black "Abdulrahman Mohammad,Al Taher"]
[Site "Biel"]
[Round "5.31"]
[Annotator "RC"]
[Result "1/2-1/2"]
[Date "2023.07.21"]
[WhiteElo "2074"]
[BlackElo "2258"]
[PlyCount "122"]
[TimeControl "60"]

1. d4 d5 2. c4 e6 3. Nc3 Nf6 4. cxd5 exd5 5. Bg5 Be7 6. e3 O-O 7. Bd3 h6 8. Bh4 c6 9. Nge2 Re8 10. O-O Nbd7 11. Qc2 Nh5 12. Bxe7 Qxe7 13. Rae1 Nf8 14. Rb1 Be6 15. b4 Rac8 16. Qd2 a6 17. Na4 Qg5 18. Nc5 Rc7 19. a4 Bg4 20. b5 axb5 21. axb5 Ng6 22. Bxg6 Qxg6 23. bxc6 bxc6 24. Nd3 Bf5 25. Ne5 Qd6 26. Rb6 Nf6 27. Ng3 Bd7 28. Rc1 Ng4 29. Nxg4 Bxg4 30. h3 Bd7 31. Qb4 Qxb4 32. Rxb4 Rec8 33. Rc5 Kf8 34. Nh5 g5 35. Ng3 Ke7 36. Ne2 Ra7 37. Rb2 Rca8 38. Nc1 f6 39. Kh2 h5 40. h4 gxh4 41. Nd3 Kd6 42. Rc1 Ra2 43. Rxa2 Rxa2 44. Kg1 h3 45. gxh3 Bxh3 46. Nb4 Ra4 47. Rxc6+ Kd7 48. Rb6 Ra1+ 49. Kh2 Be6 50. Nd3 Bf5 51. Nf4 Be4 52. Rxf6 Ke7 53. Rh6 Rh1+ 54. Kg3 Rg1+ 55. Kh4 Rh1+ 56. Kg5 Rh2 57. Rxh5 Rxf2 58. Rh6 Rf3 59. Re6+ Kd7 60. Re5 Kd6 61. Re6+ Kd7 1/2-1/2

[Event "56th Biel Festival MTO 2023"]
[White "Gomez Barrera,Javiera Belen"]
[Black "Ehsani,Yassamin"]
[Site "Biel"]
[Round "5.32"]
[Annotator "RC"]
[Result "1/2-1/2"]
[Date "2023.07.21"]
[WhiteElo "2256"]
[BlackElo "2106"]
[PlyCount "115"]
[TimeControl "60"]

1. e4 c5 2. Nf3 e6 3. d4 cxd4 4. Nxd4 a6 5. Nc3 Qc7 6. Bd3 Bc5 7. Nb3 Be7 8. Bd2 Nf6 9. Qe2 d6 10. f4 Nc6 11. g4 b5 12. g5 Nd7 13. O-O-O Nc5 14. Nxc5 dxc5 15. e5 Bb7 16. Be4 O-O-O 17. Be3 Qa5 18. Qg2 Kc7 19. Kb1 b4 20. Ne2 Qb5 21. Ng3 a5 22. Qe2 Qxe2 23. Nxe2 Nxe5 24. Bxb7 Nc4 25. Bxc5 Bxc5 26. Ba6 Ne3 27. Rde1 Ng2 28. Ref1 g6 29. Ng3 Rd4 30. Ne2 Rd6 31. Bd3 Rhd8 32. h4 Ne3 33. Rf3 Ng4 34. Rc1 Nf2 35. Ng3 Nxd3 36. cxd3 Kb6 37. Ne4 Rc6 38. Nf6 Bd4 39. Ng4 Rxc1+ 40. Kxc1 Rc8+ 41. Kb1 a4 42. Ne5 b3 43. axb3 axb3 44. Nc4+ Kc5 45. h5 Rf8 46. Na5 Rb8 47. Rh3 Rb5 48. Nc4 Kb4 49. hxg6 hxg6 50. Kc1 Rf5 51. Rh4 f6 52. gxf6 Bxf6 53. Rg4 Rxf4 54. Rxg6 Rf2 55. Rg8 Bd4 56. Rb8+ Ka4 57. Ra8+ Kb4 58. Rb8+ 1/2-1/2

[Event "56th Biel Festival MTO 2023"]
[White "Foerster-Yialamas,Lucas"]
[Black "Joly,Julien"]
[Site "Biel"]
[Round "5.33"]
[Annotator "RC"]
[Result "1/2-1/2"]
[Date "2023.07.21"]
[WhiteElo "2157"]
[BlackElo "2249"]
[PlyCount "132"]
[TimeControl "60"]

1. e4 e6 2. d4 d5 3. Nc3 Nf6 4. e5 Nfd7 5. f4 c5 6. Nf3 Nc6 7. Be3 Be7 8. Qd2 O-O 9. Nd1 cxd4 10. Nxd4 Nc5 11. Nf2 Qb6 12. c3 Qc7 13. g4 Bd7 14. g5 Nxd4 15. Bxd4 Ne4 16. Nxe4 dxe4 17. Bg2 Bc6 18. Qe3 Rad8 19. O-O Rd7 20. Bxe4 Bxe4 21. Qxe4 Bc5 22. Rfd1 Rfd8 23. Rd2 Qa5 24. Qe3 Bxd4 25. cxd4 Qa4 26. b3 Qc6 27. Rad1 b5 28. Kf2 Rd5 29. h4 Rc8 30. Re1 Kf8 31. Ree2 Qc1 32. Qe4 g6 33. Rc2 Rxc2 34. Rxc2 Qd1 35. Ke3 Qe1+ 36. Kd3 Qxh4 37. Rc5 Qg3+ 38. Qe3 Qg2 39. Rxd5 exd5 40. Qd2 Qe4+ 41. Kc3 a5 42. Kb2 b4 43. a3 bxa3+ 44. Kxa3 Qb1 45. Qxa5 Qa1+ 46. Kb4 Qxd4+ 47. Kb5 Qd3+ 48. Ka4 d4 49. e6 fxe6 50. Qd8+ Kg7 51. Qe7+ Kg8 52. Qxe6+ Kg7 53. Qe7+ Kg8 54. Qd8+ Kf7 55. Qd7+ Kf8 56. Qxh7 Qa6+ 57. Kb4 Qd6+ 58. Kc4 d3 59. Qh8+ Kf7 60. Qh7+ Ke8 61. Qg8+ Kd7 62. Qf7+ Kd8 63. Qg8+ Kc7 64. Qf7+ Kd8 65. Qg8+ Kc7 66. Qf7+ Kd8 1/2-1/2

[Event "56th Biel Festival MTO 2023"]
[White "Adam,Rafael"]
[Black "Ermitsch,Magnus"]
[Site "Biel"]
[Round "5.34"]
[Annotator "NA RC"]
[Result "1/2-1/2"]
[Date "2023.07.21"]
[WhiteElo "2117"]
[BlackElo "2232"]
[PlyCount "82"]
[TimeControl "60"]

1. Nf3 Nf6 2. g3 d5 3. c4 c6 4. Bg2 Bg4 5. d4 e6 6. O-O Nbd7 7. Nbd2 Bd6 8. b3 O-O 9. Bb2 Bf5 10. Nh4 Re8 11. Re1 Nf8 12. f3 Ng6 13. Nxf5 exf5 14. e4 fxe4 15. fxe4 dxe4 16. Nxe4 Nxe4 17. Rxe4 Rxe4 18. Bxe4 Qg5 19. Bxg6 hxg6 20. Qe2 Be7 21. Rd1 Rd8 22. Qd2 Qg4 23. Rf1 g5 24. Qf2 Bf6 25. d5 Bxb2 26. Qxb2 cxd5 27. Qf2 Qd7 28. cxd5 Qxd5 29. Qxa7 b5 30. Qf2 f6 31. Qf5 Qd4+ 32. Qf2 Qc3 33. Re1 Rd2 34. Qe3 Qxe3+ 35. Rxe3 Rxa2 36. Re8+ Kf7 37. Rb8 g4 38. Rxb5 Rb2 39. Rb4 f5 40. Rb6 g5 41. Kh1 Kg7 1/2-1/2